 Dungeon Crawl Stone Soup version 0.17.2-1-ge4368a0 (webtiles) character file.

6120 Goblin1989 the Basher (level 11, -8/81 HPs)
             Began as a Formicid Fighter on Oct 13, 2016.
             Was an Initiate of Gozag.
             Mangled by Maud
             ... wielding a +3 eveningstar
              (23 damage)
             ... on level 10 of the Dungeon on Oct 14, 2016.
             The game lasted 00:22:14 (9275 turns).

Goblin1989 the Basher (Formicid Fighter)            Turns: 9275, Time: 00:22:14

Health: -8/81      AC:  7    Str: 28    XL:     11   Next: 12%
Magic:  11/11      EV: 14    Int: 18    God:    Gozag
Gold:   1088       SH: 12    Dex: 15    Spells: 2 memorised, 8 levels left

rFire  + . .     SeeInvis +     d - +1 whip (elec)
rCold  + . .     Clarity  .     b - +0 scale mail
rNeg   + + .     SustAt   .     c - +0 shield
rPois  +         Gourm    .     (helmet unavailable)
rElec  +         Spirit   .     (no cloak)
rCorr  +         Warding  +     (no gloves)
rMut   .         Stasis   +     (no boots)
MR     +....                    u - amulet of warding
Stlth  +.........               A - ring of positive energy
                                w - +4 ring of intelligence

@: mighty, brilliant, agile, resistant, somewhat resistant to hostile
enchantments, very unstealthy
A: permanent stasis, dig shafts and tunnels, four strong arms, antennae 3
a: Dig, Shaft Self, Potion Petition, Call Merchant, Bribe Branch, Renounce
Religion


You were on level 10 of the Dungeon.
You worshipped Gozag.
Gozag was noncommittal.
You were not hungry.

You visited 1 branch of the dungeon, and saw 10 of its levels.

You collected 1898 gold pieces.
You paid 810 gold pieces to Gozag.

Inventory:

Hand Weapons
 d - a +1 whip of electrocution (weapon)
 l - a +2 antimagic scythe
Armour
 b - a +0 scale mail (worn)
 c - a +0 shield (worn)
 B - a +0 cloak
Jewellery
 u - an amulet of warding (around neck)
 w - a +4 ring of intelligence (left hand)
 A - a ring of positive energy (right hand)
Wands
 C - a wand of magic darts (19)
Scrolls
 e - a scroll of recharging {unknown}
 f - 4 scrolls of immolation {unknown}
 h - 11 scrolls of identify {unknown}
 i - 3 scrolls of teleportation {unknown}
 m - 2 scrolls of blinking {unknown}
 o - a scroll of enchant armour {unknown}
 p - 2 scrolls of amnesia {unknown}
 q - 5 scrolls of remove curse {unknown}
 r - 2 scrolls of magic mapping {unknown}
 v - a scroll of noise {unknown}
 y - a scroll of acquirement {unknown}
Potions
 a - a potion of experience {unknown}
 g - 8 potions of curing {unknown}
 k - a potion of poison {unknown}
 n - a potion of magic {unknown}
 s - 2 potions of heal wounds {unknown}
 t - a potion of cancellation {unknown}
 z - a potion of might
 D - a potion of agility {unknown}
 E - a potion of lignification {unknown}
Comestibles
 j - 7 bread rations {@e1}
 x - a meat ration {@e2}


   Skills:
 + Level 6.2 Fighting
 - Level 13.3 Maces & Flails
 + Level 6.2 Armour
 + Level 7.0 Shields


You had 8 spell levels left.
You knew the following spells:

 Your Spells              Type           Power        Failure   Level  Hunger
b - Animate Skeleton      Necr           N/A          12%         1    ##.....
o - Apportation           Tloc           ##........   12%         1    ##.....


Dungeon Overview and Level Annotations

Branches:
Dungeon (10/15)            Temple (0/1) D:6             Orc (0/4) D:9
   Lair: D:8-11

Altars:
Ashenzari
Dithmenos
Gozag
Makhleb
Okawaru
Qazlal
Trog
Xom
Yredelemnul
Zin

Annotations:
D:5 1 exclusion
D:10 Maud


Innate Abilities, Weirdness & Mutations

You are under a permanent stasis effect.
You can dig through walls and to a lower floor.
Your four strong arms can wield two-handed weapons with a shield.
You have a pair of large antennae on your head (SInv).


Message History

You regained 27 hp, and now have 44/81 hp.
You whack Maud!
There is a sudden explosion of sparks!
Maud is almost dead.
Maud barely misses you.
You barely miss Maud.
Maud is almost dead.
You hit Maud.
Maud is almost dead.
Maud hits you with an enchanted eveningstar!!
* * * LOW HITPOINT WARNING * * *
You take 29 damage, and have 15/81 hp.
MASSIVE DAMAGE!!
You completely miss Maud.
Maud is almost dead.
You whack Maud!
Maud is almost dead.
You closely miss Maud.
Maud is almost dead.
Maud hits you with an enchanted eveningstar!!
You die...
Your body crumbles into a pile of gold.

............ਜਜ ਜਜਜਜਜ..ਜ ਜ.ਜ
ਜਜਜਜ..ਜ....P.ਜਜਜ.......ਜਜ ਜ.ਜ
........P.P....ਜ[....ਜ ਜ.ਜ
.......PPP.P.P.P..... ਜ.ਜ
......P.P...P.P..... ਜਜਜਜਜਜਜ.ਜ
.....P....PPPP..... ਜ.......ਜ
.ਜ.PP.P.ਜਜਜਜP.P...ਜ ਜ.ਜਜਜਜਜ.ਜ
.....P.Pਜ{ ਜ...P@.ਜ ਜ.ਜਜਜਜਜ>ਜ
.ਜ......ਜ ਜP.P.@ਜ ਜ.ਜਜ....ਜ
.ਜਜP.P.Pਜ▲ਜਜPP.P.ਜ ਜ.ਜਜ.ਜਜ.ਜ
.ਜਜ...P.P...P.P..ਜ ਜ.ਜਜ.ਜਜ.ਜਜ
.ਜਜ....PP..P....ਜਜ ਜਜਜ........ਜ
ਜ.......P.P...ਜ ਜ...ਜਜ...ਜ.ਜ
.......P.P...ਜਜਜਜਜ..........ਜ
...ਜ.ਜP.P................ਜ...ਜ
....ਜ.ਜਜ.ਜ.....ਜਜਜਜਜਜ..ਜ§.ਜ...ਜ
ਜ.....ਜ ਜ..ਜ.§§ਜ..ਜ


You could see Maud.

Vanquished Creatures
  An unseen horror (D:9)
  Pikel (D:4)
  A hill giant (D:10)
  A centaur zombie (D:10)
  2 polar bears (D:10)
  Sigmund (D:5)
  A yak (D:10)
  A deep elf mage (D:7)
  2 wolves (D:10)
  An orc warrior (D:6)
  2 phantoms
  3 slaves (D:4)
  A wasp (D:7)
  5 ogres
  8 ice beasts
  2 centaurs
  2 crocodiles
  A big kobold (D:8)
  A wyvern zombie (D:8)
  2 scorpions
  5 killer bees (D:10)
  3 crimson imps
  2 orc priests
  4 orc wizards
  8 hounds
  A jelly (D:5)
  A gnoll shaman (D:8)
  6 worker ants
  A centaur simulacrum (D:10)
  3 gnolls (D:8)
  3 river rats (D:10)
  10 adders
  3 shadow imps
  4 white imps (D:10)
  An ufetubus (D:10)
  2 oozes
  An adder zombie (D:9)
  A worm (D:2)
  3 giant geckos
  17 orcs
  3 ball pythons
  16 bats
  6 giant cockroaches
  12 jackals
  3 quokkas
  5 giant newts
  4 goblins
  12 kobolds
  A quokka skeleton (D:4)
  20 rats
200 creatures vanquished.

Vanquished Creatures (others)
  A worm (D:4)
  A fungus (D:10)
2 creatures vanquished.

Grand Total: 202 creatures vanquished

Notes
Turn   | Place    | Note
--------------------------------------------------------------
     0 | D:1      | Goblin1989 the Formicid Fighter began the quest for the Orb.
     0 | D:1      | Reached XP level 1. HP: 18/18 MP: 1/1
   208 | D:2      | Reached XP level 2. HP: 24/24 MP: 2/2
   269 | D:3      | Reached XP level 3. HP: 27/29 MP: 3/3
   348 | D:3      | Found an opulent altar of Gozag.
   364 | D:3      | Became a worshipper of Gozag Ym Sagoz the Greedy
   785 | D:3      | Reached XP level 4. HP: 35/35 MP: 4/4
   849 | D:3      | Reached skill level 4 in Maces & Flails
  1455 | D:2      | Found a shadowy altar of Dithmenos.
  1507 | D:2      | Found a glowing silver altar of Zin.
  1629 | D:2      | Reached XP level 5. HP: 29/41 MP: 5/5
  1654 | D:2      | Found a basalt altar of Yredelemnul.
  1654 | D:2      | Found a stormy altar of Qazlal.
  2106 | D:4      | Reached skill level 5 in Maces & Flails
  2279 | D:4      | Learned a level 1 spell: Animate Skeleton
  2281 | D:4      | Learned a level 1 spell: Apportation
  2360 | D:4      | Noticed an ice beast
  2373 | D:4      | Killed an ice beast
  2373 | D:4      | Reached skill level 6 in Maces & Flails
  2373 | D:4      | Reached XP level 6. HP: 22/47 MP: 6/6
  2583 | D:4      | Noticed an ogre
  2589 | D:4      | Killed an ogre
  2668 | D:4      | Noticed a slave
  2668 | D:4      | Noticed a slave
  2693 | D:4      | Killed a slave
  2703 | D:4      | Killed a slave
  3036 | D:4      | Noticed an ogre
  3044 | D:4      | Killed an ogre
  3044 | D:4      | Reached skill level 7 in Maces & Flails
  3044 | D:4      | Reached XP level 7. HP: 37/52 MP: 7/7
  3150 | D:4      | Noticed a slave
  3151 | D:4      | Noticed Pikel
  3187 | D:4      | Killed a slave
  3259 | D:4      | Killed Pikel
  3259 | D:4      | Reached skill level 9 in Maces & Flails
  3259 | D:4      | Reached XP level 8. HP: 4/58 MP: 8/8
  3260 | D:4      | Noticed a freed slave
  4274 | D:5      | Entered Level 5 of the Dungeon
  4277 | D:5      | Noticed Sigmund
  4283 | D:5      | Found a shattered altar of Ashenzari.
  4304 | D:5      | Killed Sigmund
  4304 | D:5      | Reached skill level 10 in Maces & Flails
  4893 | D:5      | Found a bloodstained altar of Trog.
  4893 | D:5      | Noticed a moth of wrath
  4929 | D:5      | Reached XP level 9. HP: 62/64 MP: 9/9
  5029 | D:6      | Found an iron altar of Okawaru.
  5162 | D:6      | Reached skill level 11 in Maces & Flails
  5487 | D:6      | Found a staircase to the Ecumenical Temple.
  5903 | D:7      | Reached skill level 12 in Maces & Flails
  6875 | D:7      | Reached XP level 10. HP: 62/70 MP: 10/10
  7051 | D:8      | Found a burning altar of Makhleb.
  7251 | D:8      | Reached skill level 13 in Maces & Flails
  7981 | D:9      | Found a staircase to the Orcish Mines.
  8011 | D:9      | Noticed an unseen horror
  8021 | D:9      | Killed an unseen horror
  8275 | D:9      | Identified the Reference Book on Moulding
  8349 | D:9      | Found a shimmering altar of Xom.
  8615 | D:10     | Entered Level 10 of the Dungeon
  8635 | D:10     | Noticed a hill giant
  8651 | D:10     | Killed a hill giant
  8651 | D:10     | Reached skill level 5 in Fighting
  8651 | D:10     | Reached skill level 5 in Shields
  8686 | D:10     | Reached skill level 5 in Armour
  8980 | D:10     | Reached XP level 11. HP: 61/81 MP: 11/11
  9252 | D:10     | Noticed Maud
  9275 | D:10     | Mangled by Maud

Action                   |  1- 3 |  4- 6 |  7- 9 | 10-12 || total
-------------------------+-------+-------+-------+-------++-------
Melee: Flail             |    65 |   174 |    32 |       ||   271
       Whip              |       |       |   324 |   339 ||   663
Invok: Potion Petition   |       |       |       |     3 ||     3
 Abil: Dig               |     4 |     1 |     4 |     3 ||    12
  Use: Potion            |       |       |     1 |       ||     1
 Stab: Distracted        |       |     1 |     1 |     2 ||     4
       Invisible         |       |       |       |    12 ||    12
  Eat: Bread ration      |       |     1 |     2 |       ||     3
       Meat ration       |       |     1 |       |     1 ||     2
       Fruit             |       |       |     4 |     3 ||     7
       Pizza             |       |       |     1 |       ||     1
       Beef jerky        |       |       |     1 |       ||     1

Vault maps used:
D:1:      shiori_arrival_maze
D:2:      amethyst_overflow_temple_binary, zin_academy, first_bread,
          nicolae_dithmenos_shadow_blocks
D:3:      grunt_gozag_breadcrumbs
D:4:      uniq_pikel
D:5:      tgw_trog, basic_altar, lightli_corner_chamber, uniq_sigmund
D:6:      okawaru_gym_becter
D:8:      nicolae_overflow_crystal_walls
D:9:      kennysheep_little_box, orc_0_dummy
D:10:     grunt_lair_entry_elf_guard_hut, serial_ice, serial_ice_j,
          serial_ice_o, serial_ice_c, serial_ice_h, serial_ice_a, serial_ice_g,
          serial_ice_b, serial_ice_m, serial_ice_d, serial_ice_e,
          nicolae_looking_at_the_future, uniq_maud
